[Event "Early-Titled-Tuesday-Blitz-April-16-2024"]
[Site "Chess.com"]
[Date "2024.04.16"]
[Round "3"]
[White "WindWhistler11"]
[Black "AlexPapasimakopoulos"]
[Result "0-1"]
[WhiteElo "2527"]
[BlackElo "2722"]
[TimeControl "180+1"]
[EndTime "8:30:12 PDT"]
[Termination "AlexPapasimakopoulos won on time"]

1. Nf3 Nf6 2. g3 b5 3. Na3 b4 4. Nc4 a5 5. c3 Bb7 6. Bg2 e6 7. O-O Be7 8. d3 O-O 9. e4 d5 10. exd5 Bxd5 11. Ne3 Bb7 12. Qc2 c5 13. Rd1 Nbd7 14.
Nc4 Bd5 15. Bf4 h6 16. h4 a4 17. Qe2 a3 18. cxb4 axb2 19. Qxb2 cxb4 20. Ne3 Bb7 21. Nc4 Nd5 22. Bd6 Nc3 23. Qxb4 Bxd6 24.
Qxc3 Be7 25. d4 Qc7 26. Nfd2 Bxg2 27. Kxg2 Rfc8 28. Rdc1 Nf6 29. Qf3 Qd8 30. Nb3 Nd5 31. Ne5 Bf6 32. Ng4 Rxc1 33. Rxc1 Rxa2 34. Nc5 Bxd4 35. Ne4 f5 36. Nxh6+ gxh6 37. Qh5 fxe4 38.
Qg6+ Bg7 39. Qxe6+ Kh8 40. Rc8 Ra8 41. Rxd8+ Rxd8 42. Qxe4 Nf6 43. Qg6 Rd4 44. Qf5 Rd8 45. Qe6 Re8 46.
Qf7 Rf8 47. Qc7 Ng4 48. f4 Ne3+ 49. Kh3 Nf5 50. Qd7 Kh7 51. Qe6 Rf6 52. Qe4 Kh8 53.
g4 Nd6 54. Qa8+ Rf8 55. Qf3 Be5 56. f5 Bf6 57. Qd5 Nf7 58. Qe6 Kg7 59. Kg3 Ra8 60.
Qe3 Rc8 61. Kg2 Rc2+ 62. Kf1 Rc3 63. Qf4 Rd3 64. Ke2 Rd4 65. Qf3 Ra4 66. Kf1 Bxh4 67. Ke2 Bf6 68. Kd1 Ra1+ 69. Kc2 Ra2+ 70. Kc1 Ra7 71. Qd5 Ra6 72. Kd2 Rd6 0-1

[Event "Early-Titled-Tuesday-Blitz-April-16-2024"]
[Site "Chess.com"]
[Date "2024.04.16"]
[Round "3"]
[White "Msb2"]
[Black "jumpingknight20"]
[Result "1/2-1/2"]
[WhiteElo "3024"]
[BlackElo "2737"]
[TimeControl "180+1"]
[EndTime "8:30:14 PDT"]
[Termination "Game drawn by repetition"]

1. d4 Nf6 2. c4 e6 3. Nc3 d5 4. cxd5 exd5 5. Bg5 Be7 6. e3 h6 7. Bf4 O-O 8. Bd3 c5 9. Nf3 Nc6 10. O-O Bg4 11. dxc5 Bxc5 12. Rc1 Rc8 13. h3 Bh5 14.
Be2 Re8 15. Nb5 Ne4 16. Rxc5 Nxc5 17. Nd6 Ne7 18. Nxe8 Qxe8 19. Bd6 f6 20. Qd4 b6 21. Rd1 Bf7 22. Qg4 Be6 23. Qf4 Ng6 24. Qb4 Ne4 25. Nd4 Bf7 26. Bb5 Qd8 27. Bh2 a5 28. Qa3 Rc5 29. Bd3 Qc8 30. Nb3 Rc6 31. f3 Ng5 32. Qa4 Ne5 33. Bxe5 fxe5 34. h4 Ne6 35. Bf5 Rd6 36. Qa3 Qc7 37. Rc1 Qd8 38. Nd2 Rd7 39. Bxe6 Bxe6 40. Rc6 Bf7 41. Qd3 Qxh4 42. Nf1 Qd8 43.
Ng3 Rc7 44. Rxc7 Qxc7 45. Kh2 h5 46. Kg1 e4 47. fxe4 Qxg3 48. exd5 Qe1+ 49. Kh2 Qh4+ 50. Kg1 Qd8 51. e4 Qd6 52. Kf1 Qe5 53. d6 Qf6+ 54.
Kg1 Be6 55. d7 Qd8 56. Qd6 Qxd7 57. Qxb6 Qd1+ 58. Kh2 Qg4 59. Qd8+ Kh7 60. Qxa5 Qh4+ 61. Kg1 Qxe4 62. Qxh5+ Kg8 63. Qd1 Qe3+ 64. Kh2 Qf4+ 65.
Kg1 Qe3+ 66. Kh2 Qf4+ 67. Kg1 Qe3+ 1/2-1/2

[Event "Early-Titled-Tuesday-Blitz-April-16-2024"]
[Site "Chess.com"]
[Date "2024.04.16"]
[Round "3"]
[White "Knightmare1014"]
[Black "UNSTOPPABLE_LEGEND"]
[Result "0-1"]
[WhiteElo "2290"]
[BlackElo "2565"]
[TimeControl "180+1"]
[EndTime "8:30:16 PDT"]
[Termination "UNSTOPPABLE_LEGEND won by checkmate"]

1. e4 Nc6 2. Nf3 d6 3. d4 Nf6 4. Nc3 g6 5. Bc4 Bg7 6. O-O O-O 7. a4 Nxe4 8. Nxe4 d5 9. Bxd5 Qxd5 10. Nc3 Qd8 11. Be3 Bf5 12. Ne2 Bg4 13. Ng3 Qd5 14. c3 Rad8 15. h3 Bxf3 16. Qxf3 Qxf3 17. gxf3 a6 18. Ne4 e5 19. Nc5 exd4 20. cxd4 Nxd4 21. Bxd4 Bxd4 22. Nxb7 Rb8 23. Rad1 Bb6 24. a5 Ba7 25.
Rd7 Rxb7 26. Kg2 Bb8 27. Rb1 Rb5 28. b4 c5 29. Rd5 Rxb4 30. Rc1 Rb5 31. Rcxc5 Rxc5 32. Rxc5 Rd8 33. Rc6 Kg7 34. Rxa6 Bc7 35. Ra7 Be5 36. a6 Rd2 37. Re7 Bf6 38. Rb7 Ra2 39. a7 Bd4 40. Rd7 Bxa7 41. Kg3 Bxf2+ 42. Kg4 h5+ 43.
Kf4 Ra4+ 44. Ke5 Bg3+ 45. Kd5 Rf4 46. Kc5 Rxf3 47. Re7 Rf5+ 48. Kd4 Bh4 49. Rd7 Bf6+ 50. Ke3 Re5+ 51. Kf3 Re6 52. Rb7 g5 53. Rc7 Kg6 54. Kg3 Bg7 55. Rb7 f5 56. Ra7 g4 57. hxg4 hxg4 58. Kh4 Bf6+ 59. Kg3 Re3+ 60. Kg2 f4 61. Ra4 Kf5 62. Ra5+ Be5 63. Kf2 Rc3 64. Ra2 Bd4+ 65. Kg2 Rg3+ 66. Kh2 Rh3+ 67. Kg2 f3+ 68. Kf1 Rh1# 0-1

[Event "Early-Titled-Tuesday-Blitz-April-16-2024"]
[Site "Chess.com"]
[Date "2024.04.16"]
[Round "3"]
[White "NovakRatko"]
[Black "kritipatel"]
[Result "1-0"]
[WhiteElo "2376"]
[BlackElo "2157"]
[TimeControl "180+1"]
[EndTime "8:30:16 PDT"]
[Termination "NovakRatko won by resignation"]

1. d4 d5 2. c4 e6 3. cxd5 exd5 4.
Nc3 Nf6 5. f3 Bf5 6. Bg5 Be7 7.
e3 Nbd7 8. Qb3 Nb6 9. a4 a5 10. Nge2 h6 11. Bh4 Nc4 12. Bf2 O-O 13. Ng3 Be6 14. e4 c6 15. e5 Nd7 16. Bxc4 dxc4 17.
Qxb7 Rb8 18. Qxc6 Rxb2 19. O-O Rb3 20. Nge4 Rb6 21. Nf6+ Nxf6 22. Qxb6 Qxb6 23. d5 Qb4 24. Na2 Qb2 25. exf6 Qxf6 26. dxe6 fxe6 27. Rac1 Rc8 28. Nc3 Bb4 29. Ne4 Qe5 30. Rc2 c3 31. Rd1 Kh7 32.
Rd7 Qf4 33. Bd4 Bf8 34. Kf2 Rb8 35. Bxc3 Rb3 36. Bd4 Rb4 37. Nf6+ Kg6 38. Ne4 e5 39. Be3 Rxe4 40. Bxf4 Rxf4 41. Rc6+ Kh7 42. Rc8 Bb4 43. Rcc7 Bf8 44. Rf7 Rxf7 45. Rxf7 Bb4 46. Ke3 Kg6 47.
Rb7 Kf6 48. Ke4 Ke6 49. Rb6+ Kf7 50. Kxe5 Bd2 51. Kf5 Bc3 52. Rb7+ Kg8 53. Kg6 Kf8 54. f4 Bf6 55. g4 Bc3 56. h4 Bd4 57. g5 hxg5 58.
fxg5 Bc3 59. h5 Bd2 60. h6 gxh6 61. gxh6 Bc3 62. h7 Ke8 63. h8=Q+ Bxh8 64. Rb8+ Kd7 65. Rxh8 Kc6 66. Rb8 Kc5 67. Rb5+ Kc4 68. Kf6 Kd4 69. Ke6 Kc4 70. Kd6 Kd4 71. Rxa5 Kc4 72. Rb5 Kd4 73.
Kc6 Kc4 74. a5 Kd4 75. a6 Kc4 76. a7 Kd4 77. a8=Q Kc4 78. Qa4+ Kc3 79. Rb3+ 1-0

[Event "Early-Titled-Tuesday-Blitz-April-16-2024"]
[Site "Chess.com"]
[Date "2024.04.16"]
[Round "3"]
[White "MKlose11"]
[Black "DvaHrasta"]
[Result "0-1"]
[WhiteElo "2619"]
[BlackElo "2480"]
[TimeControl "180+1"]
[EndTime "8:30:20 PDT"]
[Termination "DvaHrasta won by resignation"]

1. e4 c6 2. Nc3 d5 3. g3 d4 4.
Nce2 e5 5. d3 Nf6 6. f4 Bg4 7.
Bg2 Bb4+ 8. Bd2 Qa5 9. Nf3 Bxf3 10. Bxf3 Bxd2+ 11. Qxd2 Qxd2+ 12. Kxd2 Nbd7 13. Rhf1 c5 14. Bg2 Ke7 15. Bh3 b5 16. Rf2 a5 17. a4 bxa4 18. Rxa4 Rhb8 19. b3 Rb4 20. Ra1 a4 21.
fxe5 Nxe5 22. bxa4 Raxa4 23. Rxa4 Rxa4 24. Rf5 Nfd7 25. Nf4 c4 26. Nd5+ Kd6 27. dxc4 Nxc4+ 28. Kd3 Nce5+ 29.
Kd2 Nc5 30. Bg2 Ra2 31. Nb4 Rb2 32. Nd5 d3 33. Ne3 dxc2 34. Nxc2 Ncd3 35. Kc3 Rb1 36.
Ne3 Re1 37. Bf1 Rxe3 38. Kd4 Rf3 39. Bxd3 Rxf5 40. exf5 Ng4 41. h3 Ne5 42. Be4 f6 43. g4 Nf7 44. h4 h6 45. Bf3 Ne5 46. Be2 Nc6+ 47. Ke4 Kc5 48. Kf4 Kd4 49. g5 Ne5 50. Bd1 Kd3 51. Ba4 Ke2 52. Bb5+ Kf2 53. Ba6 Kg2 54. gxh6 gxh6 55. Ke4 Kg3 56. Kd5 Kxh4 57. Ke6 Kg5 58. Bb7 h5 59. Ba8 h4 60. Bb7 h3 61. Ba8 h2 62. Bb7 Ng4 63. Ba8 Nf2 64.
Bb7 Nh3 65. Bh1 Nf4+ 66. Kf7 Kxf5 67. Kg7 Kg5 68. Kf7 f5 69. Ke7 Nh5 70. Kd6 Ng3 71. Bg2 h1=Q 72. Bxh1 Nxh1 73. Ke5 Kg4 74. Kd4 Kf3 0-1

[Event "Early-Titled-Tuesday-Blitz-April-16-2024"]
[Site "Chess.com"]
[Date "2024.04.16"]
[Round "3"]
[White "SpongeBob_03"]
[Black "Vesper2018"]
[Result "1/2-1/2"]
[WhiteElo "2239"]
[BlackElo "2552"]
[TimeControl "180+1"]
[EndTime "8:30:21 PDT"]
[Termination "Game drawn by repetition"]

1. e4 c5 2. Nf3 d6 3. Bb5+ Nd7 4. O-O a6 5. Bxd7+ Bxd7 6. Qe2 Nf6 7. d4 cxd4 8. Nxd4 g6 9. c4 Bg7 10. Be3 Nxe4 11. f3 Nf6 12. Nc3 O-O 13. Rfe1 Rc8 14. b3 b5 15. Rad1 bxc4 16. bxc4 e6 17. Nb3 Qc7 18.
c5 d5 19. Qxa6 Ra8 20. Qb6 Rfc8 21. Qxc7 Rxc7 22. Bf4 Rcc8 23. Be5 Ne8 24. f4 f6 25. Bd4 Kf7 26. Ra1 Ba4 27. Nd2 Bf8 28. Nxa4 Rxa4 29. Nb3 Ra3 30. Rec1 Nc7 31. Bb2 Ra4 32. Rc2 Rxf4 33. Rac1 Ra4 34. Rf1 Be7 35. Ba1 f5 36. h3 Bf6 37. Bxf6 Kxf6 38. Re1 e5 39. Rd1 d4 40. c6 Rca8 41. Nc5 Rxa2 42. Nd7+ Ke6 43.
Rxa2 Rxa2 44. Nf8+ Ke7 45. Nxh7 Ne6 46. Rc1 Kd6 47. Nf6 Kc7 48. Ne8+ Kc8 49. Nd6+ Kd8 50.
Nf7+ Kc7 51. Nxe5 Re2 52. Nxg6 d3 53. Kf1 Ra2 54. Rd1 d2 55. Ne5 Kd6 56. Nc4+ Kxc6 57.
Nxd2 Nd4 58. Nc4 Kd5 59. Ne3+ Ke4 60. Nc4 f4 61. Nd6+ Ke5 62. Nf7+ Ke4 63. Ng5+ Ke5 64. Nf7+ Ke4 65. Nd6+ Ke5 66. Nc4+ Ke4 67. Nd6+ 1/2-1/2

[Event "Early-Titled-Tuesday-Blitz-April-16-2024"]
[Site "Chess.com"]
[Date "2024.04.16"]
[Round "3"]
[White "BallottiLuca"]
[Black "B_nn_t"]
[Result "0-1"]
[WhiteElo "2380"]
[BlackElo "2542"]
[TimeControl "180+1"]
[EndTime "8:30:24 PDT"]
[Termination "B_nn_t won by checkmate"]

1. d4 Nf6 2. c4 e6 3. Nc3 Bb4 4. Qc2 O-O 5. a3 Bxc3+ 6. Qxc3 d5 7. Nf3 dxc4 8. Qxc4 b6 9. Bg5 Ba6 10. Qa4 h6 11.
Bh4 Qd7 12. Qc2 c5 13. dxc5 Nc6 14. Bxf6 gxf6 15. e3 Bxf1 16. Kxf1 bxc5 17. g3 Qd5 18. Kg2 Rac8 19. Rhd1 Qh5 20. Rac1 Ne5 21. Nxe5 Qxe5 22. Qc3 Qe4+ 23. f3 Qg6 24. Rd7 Rfd8 25. Rcd1 Rxd7 26. Rxd7 a6 27. Rd6 Qf5 28. e4 Qg5 29. h4 Qg6 30.
Qd2 f5 31. e5 Kh7 32. Qf4 Rb8 33. Rd2 Rb5 34. Kh3 c4 35. Rc2 Qg7 36. Re2 Rd5 37. Qxc4 Rxe5 38. Rxe5 Qxe5 39. Qc3 Qe2 40. f4 Qe4 41.
Kh2 Qe2+ 42. Kg1 Kg6 43. b4 Kh5 44. Kh1 Kg4 45. Kg1 Kh3 46. g4+ Kxg4 47. h5 Qd1+ 48. Kf2 Kxh5 49. Qh3+ Kg6 50. Qg3+ Kf6 51. Qh4+ Kg7 52.
Qg3+ Kf8 53. Qc3 Qd5 54. Qc8+ Kg7 55. Qc3+ Kg6 56. Qg3+ Kf6 57. Qc3+ Kg6 58. Qg3+ Kh7 59. Qf3 Qd2+ 60. Kg3 Qe1+ 61. Kg2 Qd2+ 62. Kg3 Qd6 63. Qe3 f6 64. Qc3 e5 65. fxe5 fxe5 66. a4 e4+ 67. Kf2 Kg6 68. Qg3+ Qxg3+ 69. Kxg3 Kf6 70. a5 Ke6 71.
Kf4 Kd6 72. Kxf5 e3 73. b5 axb5 74. a6 Kc6 75. Kg6 Kb6 76. Kxh6 Kxa6 77. Kg6 e2 78. Kg5 e1=Q 79. Kf4 b4 80. Kf3 b3 81. Kg4 b2 82. Kf4 b1=Q 83. Kf3 Qc2 84. Kg4 Qcf2 85. Kh3 Qee3+ 86. Kg4 Qff4+ 87. Kh5 Qee5+ 88. Kg6 Qff6+ 89. Kh7 Qee7+ 90. Kg8 Qff8# 0-1

[Event "Early-Titled-Tuesday-Blitz-April-16-2024"]
[Site "Chess.com"]
[Date "2024.04.16"]
[Round "3"]
[White "Rawnsdale"]
[Black "milovichalex"]
[Result "0-1"]
[WhiteElo "2504"]
[BlackElo "2327"]
[TimeControl "180+1"]
[EndTime "8:30:24 PDT"]
[Termination "milovichalex won by checkmate"]

1. e4 e5 2. Nf3 Nc6 3. Bb5 a6 4.
Ba4 Nf6 5. O-O Be7 6. Re1 b5 7. Bb3 O-O 8. c3 d5 9. d4 dxe4 10. Nxe5 Nxe5 11. dxe5 Qxd1 12. Bxd1 Nd7 13. Rxe4 Nc5 14.
Re2 Bg4 15. f3 Rad8 16. Bc2 Bf5 17. Na3 Bxc2 18. Nxc2 Rd1+ 19. Re1 Rfd8 20. Be3 Rxa1 21. Rxa1 Nd3 22. Nd4 Nxb2 23. Nc6 Re8 24. Rb1 Nc4 25.
Kf2 Bf8 26. f4 f6 27. Bd4 Re6 28. Nd8 Re8 29. Nc6 Re6 30. Na7 fxe5 31. fxe5 Nxe5 32. a4 Nd3+ 33. Kf3 c5 34. Bg1 bxa4 35. Nc8 a3 36.
Ra1 c4 37. Bd4 Re1 38. Ra2 Nc1 39. Ra1 a2 40. Bf2 Rf1 41. g3 Bc5 42. Ke4 Bxf2 43. Kd5 Bg1 44. Kxc4 Bxh2 45. g4 Be5 46. Ne7+ Kf7 47.
Nd5 Ke6 48. Ne3 Re1 49. Nd5 Re4+ 50. Kc5 Re1 51. Kc4 Re4+ 52. Kc5 Nd3+ 53. Kc6 Rc4+ 54. Kb6 Kxd5 55. Rxa2 Bd6 56. Kxa6 Nc5+ 57. Kb6 Rxc3 58. Rh2 h6 59. Rh5+ Kc4 60. g5 Rb3+ 61. Kc6 Bf4 62.
g6 Be3 63. Kd6 Bd4 64. Ke7 Rb7+ 65. Kd6 Rb6+ 66. Ke7 Rxg6 67. Kf8 Rg5 68. Rh4 Kd5 69. Kg8 Ke6 70. Kh7 Ke5 71. Kh8 Ne6 72. Kh7 Kf6 73. Re4 Be5 74. Re3 Kf7 75. Rf3+ Bf6 76. Kh8 Rc5 77.
Kh7 Ng5+ 78. Kh8 Rc8# 0-1

[Event "Early-Titled-Tuesday-Blitz-April-16-2024"]
[Site "Chess.com"]
[Date "2024.04.16"]
[Round "3"]
[White "Makswolf200817"]
[Black "mishanick"]
[Result "1-0"]
[WhiteElo "2787"]
[BlackElo "3054"]
[TimeControl "180+1"]
[EndTime "8:30:25 PDT"]
[Termination "Makswolf200817 won on time"]

1. d4 Nf6 2. c4 e6 3. g3 d5 4. Bg2 Bb4+ 5. Bd2 Be7 6. Nf3 O-O 7. O-O c6 8. Qc2 b6 9. Rc1 Ba6 10. b3 Nbd7 11. a4 c5 12. a5 Qc8 13. e3 Qb7 14.
Na3 Rac8 15. Qa2 Ne4 16. Be1 Ndf6 17. Nb1 Ra8 18. Ne5 cxd4 19. exd4 Rfc8 20. Nc3 Nxc3 21.
Bxc3 Ne4 22. Be1 Bf6 23. cxd5 exd5 24. Bh3 Rd8 25. Qa4 Be2 26. a6 Qe7 27. Nc6 Qe8 28.
Nxd8 Qxd8 29. Ra2 Bf3 30. Rac2 Ng5 31. Bf5 g6 32. Rc8 gxf5 33. Rxd8+ Rxd8 34. h4 Ne6 35. Bc3 f4 36. Bb2 h5 37. Qb4 Kg7 38. Kh2 Be4 39.
Qd2 Rg8 40. Rg1 Kh7 41. Qe2 f3 42. Qe3 Ng7 43. Qf4 Nf5 44. Re1 Re8 45. Qxf5+ Bxf5 46. Rxe8 Bd3 47. Ra8 Bxa6 48. Rxa7 Bd3 49. Rxf7+ Kg6 50.
Rb7 b5 51. Rd7 Be4 52. Kg1 Kf5 53. Kf1 Bc2 54. Rxd5+ Ke4 55. Rxh5 Bxb3 56. Ke1 b4 57. Rb5 Kd3 58. Rxb4 Kc2 59. Ba3 Bd5 60. Rb5 Be4 61.
Bb2 Bd3 62. Rb6 Be7 63. d5 Bd8 64. Bd4 Be4 65. d6 Kd3 66. Be3 Bf5 67. Rb5 Bd7 68. Re5 Kc2 69. Kf1 Bh3+ 70. Kg1 Kd3 71. h5 Bf6 72. Re8 Bd7 73. Rf8 Be5 74. Rf7 Bc6 75. d7 Bc7 76. Bg5 1-0

[Event "Early-Titled-Tuesday-Blitz-April-16-2024"]
[Site "Chess.com"]
[Date "2024.04.16"]
[Round "3"]
[White "szefru"]
[Black "Vasily_IM"]
[Result "0-1"]
[WhiteElo "2286"]
[BlackElo "2565"]
[TimeControl "180+1"]
[EndTime "8:30:28 PDT"]
[Termination "Vasily_IM won by resignation"]

1. e4 c5 2. Nf3 e6 3. b3 d5 4. exd5 exd5 5. Bb5+ Bd7 6. Bxd7+ Qxd7 7. O-O Nf6 8. Re1+ Be7 9. Qe2 Nc6 10. Bb2 O-O 11.
d4 Rfe8 12. Nbd2 cxd4 13. Ne5 Nxe5 14. Qxe5 Bc5 15. Qf4 Rac8 16. Nf3 Re4 17. Qd2 Qc6 18. Rac1 Qb6 19. a3 Rce8 20. b4 Be7 21. Bxd4 Qc6 22. Ne5 Qa4 23. Bb2 a6 24. Nf3 a5 25. c3 Qb3 26. Rb1 Qc4 27. Ne5 Qc7 28. Nd3 Bd6 29.
g3 Rxe1+ 30. Rxe1 Ne4 31. Qc2 Rc8 32. Qb3 axb4 33. cxb4 Qc4 34. Qxc4 Rxc4 35. Rc1 Kf8 36. f3 Nd2 37. Kf2 Nb3 38. Rxc4 dxc4 39. Ne5 b5 40. Nc6 Ke8 41. Nd4 Nxd4 42. Bxd4 g6 43. Ke3 Kd7 44.
Kd2 Ke6 45. Kc3 Kd5 46. f4 h5 47. Be3 h4 48. Bd4 h3 49. Bf6 Ke4 50. a4 bxa4 51.
Kxc4 Kf3 52. b5 Kg2 53. Be5 Bxe5 54. fxe5 Kxh2 55. b6 Kg2 56. b7 h2 57. b8=Q h1=Q 58.
Qb7+ Kg1 59. Qb6+ Kh2 60. Qf6 Qe4+ 61. Kb5 Qd5+ 62. Kxa4 Kxg3 63. Kb4 Qe6 64. Qg7 Kf4 65. Qh6+ Kxe5 66. Qe3+ Kf6 67. Qf4+ Qf5 68. Qd6+ Kg5 69. Qe7+ Kg4 70. Kc3 Qf3+ 71. Kd4 Qf4+ 72. Kd3 g5 73. Qe2+ Qf3+ 74. Qxf3+ Kxf3 0-1

[Event "Early-Titled-Tuesday-Blitz-April-16-2024"]
[Site "Chess.com"]
[Date "2024.04.16"]
[Round "3"]
[White "gau248"]
[Black "Kiborg95"]
[Result "0-1"]
[WhiteElo "2584"]
[BlackElo "2850"]
[TimeControl "180+1"]
[EndTime "8:30:30 PDT"]
[Termination "Kiborg95 won on time"]

1. e4 d6 2. d3 g6 3. Nd2 Bg7 4. c3 c5 5. Ngf3 Nc6 6. g3 Nh6 7. Bg2 O-O 8. O-O b6 9. Nc4 Bb7 10. Bg5 f6 11. Bxh6 Bxh6 12. d4 Kh8 13. d5 Ne5 14.
Nfxe5 fxe5 15. Bh3 Rf6 16. Ne3 Bxe3 17. fxe3 Ba6 18.
Rf3 Qf8 19. Rxf6 exf6 20. Qa4 Bc8 21. Bxc8 Qxc8 22. Rf1 Kg7 23. c4 Qb7 24. Rf2 a6 25. b3 b5 26. Qa5 Rb8 27. Kg2 Qb6 28. Qa3 bxc4 29. bxc4 Qb1 30. Qxa6 Qxe4+ 31. Kh3 Rf8 32. Qxd6 g5 33. Qe6 h5 34. Qf5 Qxc4 35. d6 Qd5 36. d7 Rf7 37. a4 Qxd7 38. Qxd7 Rxd7 39. Rc2 Ra7 40. Rc4 Kf7 41. Kg2 Ke6 42. e4 Kd6 43.
Kf3 Rb7 44. Rc2 Rb4 45. Ra2 Kc6 46. Ke3 Kb6 47. Kd3 Ka5 48. h3 Rxa4 49. Rxa4+ Kxa4 50. Kc4 Ka3 51. Kxc5 Kb3 52. Kd5 Kc3 53. Ke6 Kd4 54. Kf5 h4 55. g4 Ke3 56. Kxf6 Kxe4 57. Kxg5 Kf3 58. Kf5 e4 59. g5 e3 60. g6 e2 61.
g7 e1=Q 62. g8=Q Qe4+ 63. Kf6 Qf4+ 64. Ke7 Qc7+ 65. Kf6 Qd6+ 66. Kf5 Qd7+ 67. Kf6 Qxh3 68. Qb3+ Kg2 69. Qc2+ Kh1 70. Qd1+ Kh2 71. Qd6+ Qg3 72. Qd2+ Kg1 73. Qd1+ Kg2 0-1

[Event "Early-Titled-Tuesday-Blitz-April-16-2024"]
[Site "Chess.com"]
[Date "2024.04.16"]
[Round "3"]
[White "manitodeplomo"]
[Black "LastHeroJr"]
[Result "1/2-1/2"]
[WhiteElo "2643"]
[BlackElo "2485"]
[TimeControl "180+1"]
[EndTime "8:30:44 PDT"]
[Termination "Game drawn by repetition"]

1. d4 d5 2. c4 c6 3. Nf3 Nf6 4. Qb3 Qb6 5. c5 Qc7 6. g3 Nbd7 7. Bf4 Qa5+ 8. Nc3 Ne4 9. Bg2 b5 10. O-O f5 11. a4 b4 12. Nxe4 fxe4 13. Ne1 Ba6 14.
Nc2 Bxe2 15. Rfe1 Bc4 16. Qxb4 Qxb4 17. Nxb4 Rc8 18. Rec1 e5 19. Be3 exd4 20. Bxd4 Bxc5 21. Bxg7 Rg8 22. Bc3 Rf8 23. Be1 Ne5 24. b3 Bxb4 25.
bxc4 Bxe1 26. Rxe1 Nd3 27. Re2 Kf7 28. cxd5 cxd5 29. f3 Nc1 30. Re1 Nd3 31. Re3 Kg7 32. fxe4 dxe4 33. Bxe4 Nc5 34. Bc2 Rc7 35. Rae1 Rff7 36.
h4 Kh6 37. g4 Rf4 38. Rg3 Nxa4 39. Re6+ Kg7 40. Bxa4 Rxa4 41. Kg2 Ra2+ 42. Kh3 Ra1 43. g5 Rh1+ 44. Kg4 Rc4+ 45. Kf5 Rf1+ 46. Ke5 Re1+ 47. Kd6 Rd4+ 48. Ke7 Rxe6+ 49. Kxe6 Rxh4 50. Kf5 Rb4 51. Rc3 Rb5+ 52. Kg4 a5 53. Rc7+ Kg8 54. Ra7 Rb4+ 55.
Kf5 Rb5+ 56. Kf6 Rb6+ 57. Kf5 Rb5+ 58. Kf6 Rb6+ 59. Kf5 h5 60. gxh6 Rxh6 61. Ke5 Kf8 62. Kd5 Rh5+ 63. Kc4 Ke8 64. Kb3 Kd8 65. Ka4 Kc8 66.
Rxa5 Rh1 67. Rc5+ Kb7 68. Rg5 Kc6 69. Rg6+ Kd5 70. Rg5+ Kc4 71. Rg4+ Kc5 72. Rg5+ Kd4 73. Rg4+ Ke5 74. Rg5+ Ke6 75. Rb5 Kd6 76. Rg5 Rh4+ 77. Kb3 Rh1 78. Kc3 Ke6 79. Kd3 Rd1+ 80. Ke2 Ra1 81.
Rg3 Ra2+ 82. Kf1 Kf5 83. Rb3 Ke4 84. Rb8 Ra1+ 85. Kg2 Ra7 86. Re8+ Kf4 87. Rf8+ Kg4 88. Rg8+ Kf5 89. Rf8+ Ke6 90. Re8+ Kf5 91. Rf8+ Kg4 92.
Rg8+ Kf5 93. Rf8+ 1/2-1/2

[Event "Early-Titled-Tuesday-Blitz-April-16-2024"]
[Site "Chess.com"]
[Date "2024.04.16"]
[Round "3"]
[White "MarcoRiehle"]
[Black "Salem-AR"]
[Result "1/2-1/2"]
[WhiteElo "2726"]
[BlackElo "3022"]
[TimeControl "180+1"]
[EndTime "8:30:52 PDT"]
[Termination "Game drawn by 50-move rule"]

1. e4 c5 2. a3 g6 3. h4 Bg7 4. h5 Nc6 5. Nc3 d6 6. Bc4 e6 7. d3 Nge7 8. Nf3 h6 9. hxg6 Nxg6 10. Be3 b6 11. Qd2 a6 12. O-O-O b5 13. Bb3 Nd4 14. Bxh6 Nxb3+ 15. cxb3 Bxh6 16. Rxh6 Rxh6 17. Qxh6 Qf6 18. Qg5 Ke7 19. Qxf6+ Kxf6 20. d4 b4 21. e5+ dxe5 22. Ne4+ Kf5 23. Nd6+ Kf4 24. dxe5 bxa3 25. bxa3 Rb8 26. Rd3 Bb7 27. Nxf7 Bd5 28. g3+ Kg4 29.
Nd2 Rf8 30. Nd6 Rxf2 31. N6e4 Bxe4 32. Nxe4 Re2 33. Nxc5 Nxe5 34. Rd6 Kf3 35. Rxa6 Re3 36. b4 Nc4 37. Rxe6 Rxa3 38. Kc2 Ne3+ 39. Kb2 Nc4+ 40.
Kc2 Ne3+ 41. Kb1 Nd5 42. Kb2 Ra8 43. Kb3 Nxb4 44. Kxb4 Kxg3 45. Kc4 Rd8 46. Nb3 Kf4 47. Nd4 Rc8+ 48. Kd3 Ra8 49. Rf6+ Ke5 50. Rf5+ Kd6 51. Rh5 Rg8 52. Kc4 Rc8+ 53. Kd3 Rg8 54. Nb5+ Kc6 55. Kc4 Rg4+ 56. Nd4+ Kd6 57. Ra5 Rg8 58. Rd5+ Ke7 59.
Rf5 Ra8 60. Kc5 Ra5+ 61. Nb5 Ke6 62. Rf1 Ra2 63. Nd4+ Ke5 64. Re1+ Kf4 65. Kc4 Ra4+ 66. Kc3 Ra3+ 67. Nb3 Ra8 68. Kc4 Rc8+ 69. Kd3 Ra8 70.
Re4+ Kf5 71. Nd4+ Kf6 72. Re6+ Kf7 73. Ke4 Ra5 74. Rb6 Rg5 75. Kf4 Rg1 76. Nf3 Rf1 77. Ke4 Ke7 78. Rh6 Kd7 79. Nd4 Ra1 80. Nb3 Re1+ 81.
Kd5 Rd1+ 82. Nd4 Ke7 83. Re6+ Kf7 84. Ra6 Re1 85. Nf3 Rb1 86. Ke5 Rb5+ 87. Kf4 Ke7 88.
Ne5 Rb1 89. Nc6+ Kd7 90. Nd4 Re1 91. Kf5 Kc7 92. Ne6+ Kb7 93. Nc5+ Kc7 94. Ne4 Kb7 1/2-1/2

[Event "Early-Titled-Tuesday-Blitz-April-16-2024"]
[Site "Chess.com"]
[Date "2024.04.16"]
[Round "3"]
[White "Kobalia"]
[Black "marcodobrikov"]
[Result "1-0"]
[WhiteElo "2808"]
[BlackElo "2531"]
[TimeControl "180+1"]
[EndTime "8:30:55 PDT"]
[Termination "Kobalia won by checkmate"]

1. d4 Nf6 2. Nf3 d5 3. Bf4 Bf5 4. e3 c6 5. c4 e6 6. Nc3 h6 7.
Qb3 Qb6 8. c5 Qxb3 9. axb3 a6 10. b4 Be7 11. b5 cxb5 12. Nxb5 O-O 13. Nd6 Bxd6 14. Bxd6 Rc8 15. Be2 Nc6 16. Nd2 Nb4 17.
O-O Ne4 18. Nxe4 Bxe4 19. f3 Bd3 20. Kf2 Bxe2 21. Kxe2 a5 22. Ra4 Ra6 23. Rfa1 Nc6 24. e4 b5 25. cxb6 Rxb6 26. Ba3 Rd8 27. e5 Rb5 28.
Rc1 Rc8 29. Kd2 f6 30. f4 Kf7 31. Rc3 Ke8 32. exf6 gxf6 33. Rh3 Kf7 34. Rxh6 Rg8 35.
g3 Rg7 36. Kc2 f5 37. Bc5 Rg6 38. Rh7+ Rg7 39. Rxg7+ Kxg7 40. Ra1 Kf6 41. h3 Rb7 42. Rg1 Rh7 43. h4 Rg7 44. Kb3 Rb7+ 45. Ka3 Kg6 46.
b3 Kh5 47. Re1 Nd8 48. Ka4 Kg4 49. Re3 Ra7 50. Kb5 Ra8 51. Bb6 Nf7 52. Rxe6 Kxg3 53. h5 Kxf4 54. Rf6 Ng5 55. h6 Ne4 56. Re6 Nc3+ 57.
Kc6 a4 58. bxa4 Rxa4 59. h7 Ra8 60. Bc7+ Kf3 61. Be5 f4 62. Rf6 Ne2 63. Rg6 Ra6+ 64. Kxd5 Rxg6 65. h8=Q Ke3 66. Qh5 Rg3 67. Ke6 Rg2 68.
d5 f3 69. Qh6+ Kf2 70. d6 Kf1 71. Qh1+ Kf2 72. d7 Rg5 73. d8=Q Ng1 74. Qh2+ Rg2 75. Qd2+ Kf1 76. Qd1+ Kf2 77. Bd4# 1-0

[Event "Early-Titled-Tuesday-Blitz-April-16-2024"]
[Site "Chess.com"]
[Date "2024.04.16"]
[Round "3"]
[White "ReinisUz"]
[Black "Alen_Yeremyann"]
[Result "0-1"]
[WhiteElo "2365"]
[BlackElo "2823"]
[TimeControl "180+1"]
[EndTime "8:30:56 PDT"]
[Termination "Alen_Yeremyann won by resignation"]

1. c4 Nf6 2. Nc3 d5 3. cxd5 Nxd5 4. g3 g6 5. Bg2 c6 6. Nf3 Bg7 7.
O-O O-O 8. d4 Nd7 9. e4 Nxc3 10.
bxc3 Nb6 11. Re1 Nc4 12. Nd2 Nxd2 13. Bxd2 c5 14. Be3 cxd4 15. cxd4 Bd7 16. Rb1 b6 17. Qd2 Rc8 18. Rec1 h5 19. Bh6 e6 20. Bxg7 Kxg7 21. Rxc8 Bxc8 22. Rc1 Bb7 23. d5 exd5 24. exd5 Qd6 25.
Qc3+ Kg8 26. Qc7 Qxc7 27. Rxc7 Rb8 28. f4 a5 29. Kf2 b5 30. Ke3 b4 31. Kd4 a4 32. Rc4 Ba6 33. Rc6 Bb5 34. Rc7 b3 35. axb3 axb3 36. Be4 b2 37. d6 Ra8 38. Kc3 Rd8 39.
Rb7 Ba4 40. Rb4 Be8 41. Rb6 Kg7 42. Kxb2 Bd7 43. Kc3 Kf6 44. Kd4 Be6 45. Kc5 h4 46.
Rb7 Rc8+ 47. Rc7 Rd8 48. Bb7 hxg3 49. hxg3 g5 50. Bc6 gxf4 51. gxf4 Kf5 52. Bd5 Bd7 53. Bxf7 Kxf4 54. Bd5 Ke5 55. Bc6 Be6 56. d7 Bxd7 57. Bxd7 Kf4 58. Bc6 Ke5 59. Re7+ Kf6 60. Re2 Rd1 61. Bd5 Kf5 62. Kd6 Kf4 63. Re4+ Kf5 64. Re3 Rd4 65. Rf3+ Rf4 66. Re3 Rd4 67. Re5+ Kf6 68.
Rh5 Kg6 69. Rh2 Rd1 70. Rf2 Rd2 71. Ke5 Rxf2 72. Be4+ Kg5 73. Bd5 Re2+ 74. Kd4 Kf4 75. Kc3 Re7 76. Bg8 Ke3 77. Kb2 Rc7 78. Ka1 Kd2 79. Be6 Kc1 80. Bg8 Rg7 81. Be6 Rg3 82. Bf7 Kd2 83. Be6 Kc3 84. Bf7 Kb4 85.
Be6 Re3 86. Bf5 Ka3 87. Bh7 Rg3 88. Bf5 Rg5 89. Bh7 Ra5 90. Bg6 Ra6 91. Kb1 Rxg6 0-1

[Event "Early-Titled-Tuesday-Blitz-April-16-2024"]
[Site "Chess.com"]
[Date "2024.04.16"]
[Round "3"]
[White "alpope"]
[Black "MdSharifHossain"]
[Result "1-0"]
[WhiteElo "2515"]
[BlackElo "2287"]
[TimeControl "180+1"]
[EndTime "8:31:01 PDT"]
[Termination "alpope won on time"]

1. g3 h5 2. h3 h4 3. g4 c6 4. Bg2 d5 5. c4 f5 6. gxf5 Bxf5 7. d4 Nf6 8. Nc3 e6 9. Qb3 Qb6 10. c5 Qc7 11. Nf3 Nbd7 12. Bg5 b6 13. cxb6 axb6 14. Bxh4 Ne4 15. Nxe4 dxe4 16. Bg3 Bd6 17. Ng5 Bxg3 18. fxg3 Qd6 19. Bxe4 Rh5 20. Bxf5 Rxg5 21. Qxe6+ Qxe6 22. Bxe6 Rxg3 23. Bg4 Rb3 24. O-O-O Rxa2 25.
Be6 Ra1+ 26. Kc2 Rxd1 27. Rxd1 Re3 28. Bg4 Nf6 29. Bf3 Nd5 30. Rg1 Re7 31. Rg6 Kd7 32. Bxd5 cxd5 33. Kd3 Kc7 34. e3 b5 35. b4 Rf7 36. Ra6 Rf3 37. Ra7+ Kc6 38. Rxg7 Rxh3 39. Rg6+ Kc7 40. Rg7+ Kc6 41. Rg6+ Kc7 42. Rf6 Rh2 43.
Rf7+ Kc6 44. Rf6+ Kd7 45. Rb6 Ra2 46. Rxb5 Kc6 47. Rc5+ Kd6 48. b5 Rb2 49. Kc3 Rb1 50. Kc2 Rb4 51. Kc3 Rb1 52. Kd3 Rb3+ 53. Ke2 Ke6 54.
Kf3 Kd6 55. Kf4 Ke6 56. e4 dxe4 57. Kxe4 Kd6 58. Rh5 Rb1 59. b6 Re1+ 60. Kd3 Kc6 61. Rh6+ Kb7 62. d5 Rg1 63. Kd4 Rg5 64. Kc5 Rg7 65. Rc6 Rg1 66. Kd6 Rg6+ 67. Kc5 Rg1 68. Rc7+ Kb8 69. Rh7 Rf1 70. Kc6 Rc1+ 71. Kd6 Re1 72. Kc6 Rc1+ 73. Kd7 Kb7 74. d6 Kxb6 75.
Rh8 Kb7 76. Rh2 Rb1 77. Rc2 1-0